 Dungeon Crawl Stone Soup version 0.18.1-5-g4a78601 (webtiles) character file.

7 CcS the Vexing (level 1, -3/11 HPs)
             Began as a Deep Elf Arcane Marksman on May 14, 2016.
             Slain by a hobgoblin (4 damage)
             ... on level 1 of the Dungeon.
             The game lasted 00:01:13 (263 turns).

CcS the Vexing (Deep Elf Arcane Marksman)            Turns: 263, Time: 00:01:13

Health: -3/11      AC:  2    Str:  8    XL:     1   Next: 83%
Magic:  5/5        EV: 13    Int: 17    God:
Gold:   19         SH:  0    Dex: 14    Spells: 1 memorised, 2 levels left

rFire  . . .     SeeInvis .     (no weapon)
rCold  . . .     Gourm    .     a - +0 robe
rNeg   . . .     Faith    .     (no shield)
rPois  .         Spirit   .     (no helmet)
rElec  .         Dismiss  .     (no cloak)
rCorr  .         Reflect  .     (no gloves)
SustAt .         Harm     .     (no boots)
MR     .....                    (no amulet)
Stlth  +.........               (no ring)
                                (no ring)

@: not resistant to hostile enchantments, very unstealthy
A: no striking features
a: no special abilities


You were on level 1 of the Dungeon.
You were not hungry.

You visited 1 branch of the dungeon, and saw 1 of its levels.

You collected 19 gold pieces.

Inventory:

Missiles
 c - a javelin (quivered)
 d - 2 throwing nets {=f, !d}
 e - 9 stones
Armour
 a - a +0 robe (worn)
Potions
 h - a potion of magic {unknown}
Books
 b - a book of Debilitation
Comestibles
 f - a bread ration {@e1}
 i - 2 meat rations {@e2}


   Skills:
 - Level 0.7 Fighting
 - Level 2.0 Throwing
 - Level 2.4 Dodging
 - Level 1.5 Spellcasting
 + Level 4.7 Hexes


You had 2 spell levels left.
You knew the following spells:

 Your Spells              Type           Power        Failure   Level  Hunger
a - Corona                Hex            ###....      2%          1    ##.....


Dungeon Overview and Level Annotations

Branches:
Dungeon (1/15)

Altars:


Message History

You kill the rat!
e - 14 stones (gained 1)
You start resting.
MP restored: 5 Unknown command.
e - 15 stones (gained 1)
A giant newt comes into view.
Aim: a giant newt (chance to defeat MR: 85%)
The giant newt is outlined in light.
The giant newt hisses menacingly.
You now have 4/5 mp.
Unknown command.
Aim: a giant newt (softly glowing)
You throw a stone. The stone hits the giant newt.
You kill the giant newt!
Really target yourself? [Y]es or [N]o only, please.
Really target yourself?
Okay, then.
Unknown command.
e - 15 stones (gained 1)
e - 16 stones (gained 1) MP restored: 5 You open the door.
There is an open door here.
A hobgoblin comes into view.
The hobgoblin shouts!
You hear a shout!
A kobold comes into view. It is wielding a short sword.
There are monsters nearby!
There are monsters nearby!
There are monsters nearby!
There are monsters nearby!
Aim: a hobgoblin (chance to defeat MR: 85%)
The hobgoblin is outlined in light.
The kobold moves out of view.
The hobgoblin moves out of view.
You now have 4/5 mp.
Unknown command.
There is an open door here.
Aim: a hobgoblin (softly glowing)
You throw a stone. The stone hits the hobgoblin.
The hobgoblin hits you.
You take 3 damage, and have 8/11 hp.
MASSIVE DAMAGE!!
The hobgoblin stops glowing.
Aim: a hobgoblin (lightly wounded)
You throw a stone. The stone hits the hobgoblin.
The hobgoblin misses you.
MP restored: 5
Aim: a hobgoblin (moderately wounded)
You throw a stone. The stone hits the hobgoblin.
The hobgoblin barely misses you.
Aim: a hobgoblin (heavily wounded)
You throw a stone. The stone hits the hobgoblin.
The hobgoblin closely misses you.
Aim: a hobgoblin (almost dead)
You throw a stone.
The stone hits the hobgoblin but does no damage.
The hobgoblin hits you.
You take 4 damage, and have 5/11 hp.
MASSIVE DAMAGE!!
Aim: a hobgoblin (almost dead)
You throw a stone.
The stone hits the hobgoblin but does no damage.
Aim: a hobgoblin (almost dead)
You throw a stone. The stone barely misses the hobgoblin.
The stone barely misses the kobold.
The hobgoblin closely misses you. The hobgoblin barely misses you.
The hobgoblin misses you.
You don't know that spell.
Aim: a hobgoblin (severely wounded, chance to defeat MR: 85%)
The hobgoblin is outlined in light.
The hobgoblin barely misses you.
You now have 4/5 mp.
Unknown command.
The hobgoblin stops glowing.
All of the chunks of flesh in your inventory have rotted away.
Quiver which item? (- for none, * to show all) (? for menu, Esc to quit)
Quivering
c - 5 javelins for throwing.
Aim: a hobgoblin (severely wounded)
You throw a javelin.
The javelin barely misses the hobgoblin.
The javelin hits the kobold!
You kill the kobold!
The hobgoblin hits you.
* * * LOW HITPOINT WARNING * * *
You take 4 damage, and have 2/11 hp.
MASSIVE DAMAGE!!
Aim: a hobgoblin (severely wounded)
You throw a javelin.
The javelin hits the hobgoblin but does no damage.
The hobgoblin misses you.
MP restored: 5
Aim: a hobgoblin (severely wounded)
You throw a javelin.
The javelin barely misses the hobgoblin.
The hobgoblin hits you.
* * * LOW HITPOINT WARNING * * *
You take 1 damage, and have 1/11 hp.
Aim: a hobgoblin (severely wounded)
You throw a javelin.
The javelin hits the hobgoblin but does no damage.
The hobgoblin hits you.
You die...

#....#...# #.....#
######..## #.#.#.#
#..# #.#.#.# #..#
#.#.#.##
#..######...#...
##...............
#..............##
##.############.##
#@.# #.....#...
####g#######.##.##...
#............##......
#........##########..
#........# #..(K.('(.
###(###### #.######..
#.# #(# #.. ##(# #.#
#.. #.(# #.# #..


You could see a hobgoblin.

Vanquished Creatures
  A dart slug (D:1)
  A goblin (D:1)
  A kobold (D:1)
  A giant newt (D:1)
  A rat (D:1)
5 creatures vanquished.

Notes
Turn   | Place    | Note
--------------------------------------------------------------
     0 | D:1      | CcS the Deep Elf Arcane Marksman began the quest for the Orb.
     0 | D:1      | Reached XP level 1. HP: 11/11 MP: 5/5
   256 | D:1      | HP: 2/11 [hobgoblin (4)]
   263 | D:1      | Slain by a hobgoblin

Action                   || total
-------------------------++-------
Melee: Unarmed           ||     2
Throw: Stone             ||    12
       Javelin           ||     6
 Cast: Corona            ||     5
Dodge: Dodged            ||     9

Vault maps used:
D:1:      minmay_arrival_nine_rooms

Table legend:
 A = Turns spent in this place as a percentage of turns spent in the entire game.
 B = Non-inter-level travel turns spent in this place as a percentage of non-inter-level travel turns spent in the entire game.
 C = Inter-level travel turns spent in this place as a percentage of turns spent in this place.
 D = Turns resting spent in this place as a percentage of non-inter-level travel turns spent in this place.
 E = Turns spent auto-exploring this place as a percentage of non-inter-level travel turns spent in this place.
 F = Non-inter-level travel turns spent in this place divided by the number of levels of this place that you've seen.
                   A       B       C       D       E      F
               +-------+-------+-------+-------+-------+----------------------
         Total | 100.0 | 100.0 |   0.0 |   1.1 |   3.4 | 176.0
       Dungeon | 100.0 | 100.0 |   0.0 |   1.1 |   3.4 | 176.0
               +-------+-------+-------+-------+-------+----------------------

Table legend:
 A = Kills in this place as a percentage of kills in entire the game.
 B = Kills by you in this place as a percentage of kills by you in the entire game.
 C = Kills by friends in this place as a percentage of kills by friends in the entire game.
 D = Other kills in this place as a percentage of other kills in the entire game.
 E = Experience gained in this place as a percentage of experience gained in the entire game.
 F = Experience gained in this place divided by the number of levels of this place that you have seen.
                   A       B       C       D       E      F
               +-------+-------+-------+-------+-------+----------------------
         Total | 100.0 | 100.0 |  -nan |  -nan | 100.0 |  10.0
       Dungeon | 100.0 | 100.0 |  -nan |  -nan | 100.0 |  10.0
               +-------+-------+-------+-------+-------+----------------------
